 Dungeon Crawl Stone Soup version 0.25-a0-1133-g93ebf739aa (webtiles) character file.

Game seed: 10220920677980159628, levelgen mode: deterministic

116 vurker the Charlatan (level 5, -5/38 HPs)
             Began as a Human Artificer on May 20, 2020.
             Was an Initiate of the Shining One.
             Killed by divine providence
             ... invoked by an orc priest
              (12 damage)
             ... on level 2 of the Dungeon.
             The game lasted 00:04:33 (3917 turns).

vurker the Charlatan (Human Artificer)              Turns: 3917, Time: 00:04:33

Health: -5/38      AC:  8    Str: 13    XL:     5   Next: 21%
Magic:  7/7        EV:  7    Int: 11    God:    the Shining One [......]
Gold:   107        SH:  0    Dex: 14    Spells: 4/4 levels left

rFire    . . .     SeeInvis .   a - +0 short sword
rCold    . . .     Gourm    .   (no shield)
rNeg     . . .     Faith    .   n - +0 chain mail
rPois    .         Spirit   .   (no helmet)
rElec    .         Reflect  .   (no cloak)
rCorr    .         Harm     .   (no gloves)
MR       .....                  (no boots)
Stlth    ..........             (no amulet)
HPRegen  0.12/turn              (no ring)
MPRegen  0.10/turn              (no ring)

@: glowing
A: no striking features
a: Renounce Religion


You were on level 2 of the Dungeon.
You worshipped the Shining One.
The Shining One was noncommittal.
You were hungry.

You visited 1 branch of the dungeon, and saw 3 of its levels.

You collected 107 gold pieces.

Inventory:

Hand Weapons
 a - a +0 short sword (weapon)
Armour
 n - a +0 chain mail (worn)
   (You took it off an orc on level 3 of the Dungeon)
Jewellery
 o - an uncursed ring of protection from magic {unknown}
   (You found it on level 3 of the Dungeon)
Wands
 d - a wand of enslavement (13)
 t - a wand of flame (8)
Scrolls
 c - a scroll of noise {unknown}
 g - a scroll of magic mapping {unknown}
 i - a scroll of remove curse {unknown}
 j - a scroll of immolation {unknown}
 k - a scroll of blinking {unknown}
 l - 5 scrolls of identify {unknown}
 p - a scroll of fog {unknown}
Potions
 b - a potion of heal wounds {unknown}
 h - a potion of ambrosia {unknown}
 m - a potion of might {unknown}
Comestibles
 e - 8 rations


   Skills:
 + Level 1.9 Fighting
 - Level 1.0 Short Blades
 + Level 1.6 Armour
 * Level 3.2 Dodging
 - Level 1.0 Stealth
 + Level 0.4 Invocations
 + Level 3.9 Evocations


You had 4 spell levels left.
You didn't know any spells.
Your spell library was empty.

Dungeon Overview and Level Annotations

Branches:
Dungeon (3/15)

Altars:
The Shining One


Message History

You hit the orc priest.
The orc priest hits you but does no damage.
You closely miss the orc priest.
The orc hits you with a cursed -2 morningstar!
The orc priest calls down the wrath of Beogh upon you.
Beogh smites you!
* * * LOW HITPOINT WARNING * * *
You closely miss the orc priest.
The orc priest casts a cantrip, but nothing happens.
The orc hits you but does no damage.
You hit the orc priest.
The orc priest hits you but does no damage.
The orc closely misses you.
You barely miss the orc priest.
The orc priest begins to cast a cantrip, but forgets the words!
The orc hits you but does no damage.
Aim: an orc priest, wielding a +0 hand axe (lightly wounded)
The puff of flame hits the orc priest!
The orc priest hits you with a +0 hand axe.
* * * LOW HITPOINT WARNING * * *
The orc closely misses you.
Aim: an orc priest, wielding a +0 hand axe (severely wounded, chance to defeat MR: 57%)
The orc priest is charmed.
The orc closely misses you.
You swap places.
The orc closely misses your orc priest. What are your orders? t - Shout!
Orders for allies: a - Attack new target. p - Attack previous target. r - Retreat! s - Stop attacking. g - Guard the area. f - Follow me.
Anything else - Cancel.
Gang up on whom?
Aim: an orc, wielding a -2 morningstar Attack!
Your orc priest barely misses the orc.
The orc barely misses your orc priest.
Your orc priest barely misses the orc.
The orc misses your orc priest.
Your orc priest looks encouraged for a moment.
The orc barely misses your orc priest.
Your orc priest barely misses the orc.
The orc barely misses your orc priest.
Your orc priest hits the orc with a +0 hand axe.
The orc closely misses your orc priest.
Your orc priest hits the orc with a +0 hand axe.
The orc dies!
The orc priest is no longer charmed.
The orc priest is enraged by your holy aura!
Aim: an orc priest, wielding a +0 hand axe (heavily wounded)
The puff of flame hits the orc priest.
The orc priest mumbles some strange prayers to Beogh against you.
Beogh smites you!
You die...

.### ##.......##.###.#..#
## ##.....###.# ###..# #
##...## #.# ###..# ####
##'#####.###....# ...#
#.# #.....#.##.#
##.#######.###.###.#.##.#
##.##..........# #......#
#.##.##<...##.###.#.####
#.##.##.....#..@..#.#
#.##.##....####.###.#
#.......#..# #o###.#
#####.####..# #.)>[.# #
#.......# ####### #
######.## ######## #.#
##.....# #.#### ##.....#
#.##(##


You could see an orc priest.

Vanquished Creatures
  A jelly (D:2)
  An adder (D:2)
  A worm (D:3)
  A dart slug (D:3)
  A leopard gecko (D:3)
  6 orcs
  9 bats
  2 giant cockroaches
  6 goblins
  8 hobgoblins
  4 frilled lizards
  5 kobolds
  4 rats
49 creatures vanquished.

Vanquished Creatures (collateral kills)
  2 orcs
  A rat (D:3)
3 creatures vanquished.

Vanquished Creatures (others)
  An orc wizard (D:3)
1 creature vanquished.

Grand Total: 53 creatures vanquished

Notes
Turn   | Place    | Note
-------+----------+-------------------------------------------
     0 | D:1      | vurker the Human Artificer began the quest for the Orb.
     0 | D:1      | Reached XP level 1. HP: 15/15 MP: 3/3
   202 | D:1      | Reached XP level 2. HP: 10/21 MP: 4/4
   943 | D:1      | Reached XP level 3. HP: 26/26 MP: 5/5
  1211 | D:2      | HP: 1/26 [shot self (12)]
  1221 | D:2      | Reached skill level 1 in Armour
  1221 | D:2      | Reached XP level 4. HP: 2/32 MP: 6/6
  2459 | D:2      | Found a glowing golden altar of the Shining One.
  2672 | D:2      | Became a worshipper of the Shining One
  3549 | D:3      | Reached XP level 5. HP: 31/38 MP: 7/7
  3917 | D:2      | Killed from afar by an orc priest

Illustrated notes

Levels and vault maps discovered:
D:1:      lightli_arrival_lavapool, layout_basic
D:2:      layout_loops_corners, tso_altar
D:3:      layout_basic, lemuel_zombie_altar_kikubaaqudgha, first_ration

Skill      XL: |  1  2  3  4 |
---------------+-------------+-----
Armour         | 1 |  1.6
Dodging        | 3 |  3.2
Fighting       | |  1.9
Short Blades   | |  1.0
Stealth        | |  1.0
Invocations    | |  0.4
Evocations     | |  3.9

Action                   |  1- 3 |  4- 6 || total
-------------------------+-------+-------++-------
Melee: Short sword       |   104 |   159 ||   263
Evoke: Wand              |     3 |    10 ||    13
 Stab: Sleeping          |     2 |     2 ||     4
  Eat: Chunk             |     1 |     8 ||     9
Armor: Leather armour    |    61 |    17 ||    78
       Chain mail        |       |    91 ||    91
Dodge: Dodged            |    92 |    96 ||   188

Table legend:
 A = Non-vault XP
 B = Vault XP
 C = Vault XP percentage of total XP
 D = Non-vault monster count
 E = Vault monster count
 F = Vault count percentage of total count
                 A         B        C        D         E       F
            +---------+---------+-------+---------+---------+-------
      Total |     167 |       0 |   0.0 |      52 |       0 |   0.0
            +---------+---------+-------+---------+---------+-------
        D:1 |      29 |       0 |   0.0 |      18 |       0 |   0.0
        D:2 |      96 |       0 |   0.0 |      14 |       0 |   0.0
        D:3 |      42 |       0 |   0.0 |      20 |       0 |   0.0
            +---------+---------+-------+---------+---------+-------
